 Dungeon Crawl Stone Soup version 0.32-a0-933-ga8fa3634e4 (webtiles) character file.

Game seed: 10755328464310024658

1382 Biggs the Grappler (level 8, -6/74 HPs)
             Began as a Troll Fighter on Apr 14, 2024.
             Killed from afar by an electric eel (9 damage)
             ... with a bolt of electricity
             ... on level 6 of the Dungeon.
             The game lasted 00:08:39 (1727 turns).

Biggs the Grappler (Troll Fighter)                  Turns: 1727, Time: 00:08:39

Health: -6/74      AC:  6    Str: 27    XL:     8   Next: 40%
Magic:  7/7        EV:  8    Int:  4    God:
Gold:   112        SH:  7    Dex:  9    Spells: 7/7 levels left

rFire   . .          .
                       - Unarmed
rCold   . . .        b - +0 kite shield
rNeg    . . .        a - +0 robe
rPois   +            (helmet restricted)
rElec   .            g - +1 cloak
rCorr   .            (gloves unavailable)
SInv    .            (boots unavailable)
Will    .....        (no amulet)
Stlth   +            f - ring of poison resistance
HPRegen 1.12/turn    (no ring)
MPRegen 0.10/turn

%: no passive effects
@: no status effects
A: large, unfitting armour, claws 3, regeneration 1, shaggy fur 1, tough skin 1
a: no special abilities


You were on level 6 of the Dungeon.
You visited 2 branches of the dungeon, and saw 7 of its levels.
You also visited: Sewer.

You collected 112 gold pieces.

Inventory:

Missiles
 i - a throwing net (quivered)
 l - 2 curare-tipped darts
Armour
 a - a +0 robe (worn)
 b - a +0 kite shield (worn)
 g - a +1 cloak (worn)
 m - a scarf of repulsion
 t - a +0 cloak of stealth
Jewellery
 e - an amulet of magic regeneration
 f - a ring of poison resistance (left claw)
Wands
 o - a wand of flame (12)
Scrolls
 d - a scroll of torment {unknown}
 h - 2 scrolls of identify {unknown}
 j - 2 scrolls of enchant armour {unknown}
 k - a scroll of teleportation {unknown}
 n - a scroll of poison {unknown}
 p - a scroll of brand weapon {unknown}
 r - a scroll of immolation {unknown}
 s - 2 scrolls of noise {unknown}
Potions
 c - 2 potions of might
 q - a potion of lignification {unknown}
 u - a potion of attraction {unknown}


   Skills:
 - Level 2.4 Fighting
 - Level 2.4 Dodging
 - Level 2.6 Shields
 + Level 10.5 Unarmed Combat


You had 7 spell levels left.
You didn't know any spells.
Your spell library contained the following spells:

 Spells                   Type           Power      Damage    Failure   Level
 Malign Gateway           Summ/Tloc      0%         N/A       100%        7
 Summon Horrible Things   Summ           0%         N/A       100%        8


Dungeon Overview and Level Annotations

Branches:
Dungeon (6/15)             Temple (1/1) D:4           Sewer (visited)

Altars:
Ashenzari
Cheibriados
Elyvilon
Fedhas
Gozag
Hepliaklqana
Kikubaaqudgha
Makhleb
Nemelex Xobeh
Qazlal
Ru
Sif Muna
Vehumet
Yredelemnul
Zin
The Shining One


Innate Abilities, Weirdness & Mutations

You are too large for most types of armour.
You have claws for hands.
Your natural rate of healing is unusually fast.
You are covered in fur. (AC +1)
You have tough skin. (AC +1)


Message History

You claw the shadow imp!
You kill the shadow imp!
Found an escape hatch in the floor.
There is an escape hatch in the floor here.
You enter the shallow water. 2 electric eels come into view.
The electric eel shoots out a bolt of lightning at you!
The bolt of electricity hits you!
An electric eel comes into view.
The electric eel shoots out a bolt of lightning at you!
The bolt of electricity hits the plant!
The plant begins to die.
The bolt of electricity hits you!
The electric eel shoots out a bolt of lightning at you!
The bolt of electricity hits you.
The bolt of electricity hits the plant!
The plant begins to die.
The electric eel shoots out a bolt of lightning at you!
The bolt of electricity hits the plant!
The bolt of electricity misses you.
The electric eel shoots out a bolt of lightning at you!
The bolt of electricity hits the plant!
The plant begins to die.
The bolt of electricity hits you!
A nearby plant withers and dies.
The electric eel shoots out a bolt of lightning at you!
The bolt of electricity hits you! x2
* * * LOW HITPOINT WARNING * * *
A nearby plant withers and dies.
The electric eel shoots out a bolt of lightning at you!
The bolt of electricity hits the electric eel.
The electric eel completely resists.
The bolt of electricity hits the plant! x2
The plant begins to die.
The bolt of electricity hits you.
* * * LOW HITPOINT WARNING * * *
The electric eel shoots out a bolt of lightning at you!
The bolt of electricity hits you!
* * * LOW HITPOINT WARNING * * *
Unknown command.
Okay, then.
The electric eel shoots out a bolt of lightning at you!
The bolt of electricity hits the electric eel.
The electric eel completely resists.
The bolt of electricity hits the plant!
The plant begins to die.
The bolt of electricity hits you!
You die...

♣♣P~.~≈~≈≈~P
♣~P~.~≈≈PP♣
~♣♣♣~≈~.S~~~~♣
♣~~≈~≈~.S~~P♣
♣PP~S≈~.P~~P♣
♣~~~≈~~.~~~♣
~~~~~~~.~~P♣ #.#
~~~P~~~.~P~######
#.#
♣~P~~~~.♣~.@....#
#.#
#P♣♣♣♣...#.####>#
#.# # #.....#
#.######.##
#######
#.........
#.######.# #####
#.# #<#
#...#########.#
#.#
#.............#
#.#
#...#########.#
#.#


You could see 3 electric eels.

Vanquished Creatures
  Prince Ribbit (D:5)
  An ogre (D:5)
  6 kobold brigands (Sewer)
  A bullfrog (D:6)
  Blork the orc (D:4)
  2 bombardier beetles
  2 hounds
  Crazy Yiuf (D:4)
  2 jellies (D:4)
  2 sleepcaps
  3 iguanas
  Robin (D:2)
  9 adders
  A gnoll (D:1)
  2 river rats
  A shadow imp (D:6)
  3 dart slugs
  A ribbon worm (Sewer)
  6 orcs
  9 ball pythons
  4 endoplasms
  3 giant cockroaches
  15 goblins
  3 hobgoblins
  3 jackals (D:3)
  7 kobolds
  3 quokkas
  A bat (D:2)
  A frilled lizard (D:2)
  4 rats
99 creatures vanquished.

Notes
Turn   | Place    | Note
-------+----------+-------------------------------------------
     0 | D:1      | Biggs the Troll Fighter began the quest for the Orb.
     0 | D:1      | Reached XP level 1. HP: 22/22 MP: 0/0
    58 | D:1      | Reached skill level 3 in Unarmed Combat
    58 | D:1      | Reached XP level 2. HP: 29/29 MP: 1/1
   188 | D:2      | Reached XP level 3. HP: 35/36 MP: 2/2
   213 | D:2      | Noticed Robin
   226 | D:2      | Killed Robin
   229 | D:2      | Reached skill level 4 in Unarmed Combat
   387 | D:3      | Reached XP level 4. HP: 36/44 MP: 3/3
   403 | D:3      | Found a glowing drain.
   407 | Sewer    | Entered a sewer
   451 | Sewer    | Noticed a kobold brigand
   465 | Sewer    | Killed a kobold brigand
   466 | Sewer    | Reached skill level 5 in Unarmed Combat
   466 | Sewer    | Reached XP level 5. HP: 31/50 MP: 4/4
   518 | Sewer    | Reached skill level 6 in Unarmed Combat
   643 | Sewer    | Reached XP level 6. HP: 52/59 MP: 5/5
   678 | Sewer    | Reached skill level 7 in Unarmed Combat
   763 | Sewer    | Reached XP level 7. HP: 30/66 MP: 6/6
  1010 | D:4      | Reached skill level 8 in Unarmed Combat
  1028 | D:4      | Noticed Blork the orc
  1046 | D:4      | Killed Blork the orc
  1104 | D:4      | Found a staircase to the Ecumenical Temple.
  1121 | Temple   | Entered the Ecumenical Temple
  1257 | D:4      | Found a glowing silver altar of Zin.
  1296 | D:4      | Found a runed translucent door.
  1297 | D:4      | Noticed Crazy Yiuf
  1311 | D:4      | Killed Crazy Yiuf
  1312 | D:4      | Reached skill level 9 in Unarmed Combat
  1354 | D:5      | Entered Level 5 of the Dungeon
  1370 | D:5      | Identified the +0 leather armour "Notueps" {rC+ Regen+}
  1400 | D:5      | Noticed Prince Ribbit
  1404 | D:5      | Killed Prince Ribbit
  1405 | D:5      | Reached XP level 8. HP: 74/74 MP: 7/7
  1441 | D:5      | Reached skill level 10 in Unarmed Combat
  1726 | D:6      | HP: 2/74 [electric eel/bolt of electricity (15)]
  1727 | D:6      | Killed from afar by an electric eel

Illustrated notes

Levels and vault maps discovered:
D:1:      eino_arrival_water_cross, layout_loops_ring, serial_rivers,
          chequers_serial_rivers_marsh, chequers_serial_rivers_small_b,
          chequers_serial_rivers_small_b, chequers_serial_rivers_room_b,
          chequers_serial_rivers_small_a, chequers_serial_rivers_micro_d
D:2:      layout_basic, uniq_robin
D:3:      layout_loops_ring, chequers_ecumenical_altar_island,
          gup_sewer_entry_bowl
D:4:      layout_rooms, zin_academy, minmay_temple_entry_sparse_star,
          minmay_pentomino_pile, uniq_blork_the_orc, uniq_crazy_yiuf_cottage
D:5:      layout_loops_ring, kennysheep_generic_room_10, uniq_prince_ribbit1
D:6:      minmay_inner_zag, layout_loops_ring, serial_bayou_lagoon_b
Temple:   nicolae_temple_superstar

Skill      XL: |  1  2  3  4  5  6  7  8 |
---------------+-------------------------+-----
Unarmed Combat | 3 4 5 6 7 9 10 | 10.5
Fighting       | |  2.4
Dodging        | |  2.4
Shields        | |  2.6

Action                     |  1- 3 |  4- 6 |  7- 9 || total
---------------------------+-------+-------+-------++-------
  Melee: Unarmed           |    80 |    79 |   110 ||   269
   Stab: Sleeping          |       |       |     1 ||     1
 Armour: Robe              |    50 |    40 |    75 ||   165
  Dodge: Dodged            |    30 |    16 |    37 ||    83
  Block: Kite shield       |    30 |    26 |    22 ||    78

Table legend: (Time is in decaauts)
 A = Elapsed time spent in this place.
 B = Non-inter-level travel time spent in this place.
 C = Inter-level travel time spent in this place.
 D = Time resting spent in this place.
 E = Time spent auto-exploring this place.
 F = Levels seen in this place.
 G = Mean time per level.
                   A        B        C        D        E       F      G
               +--------+--------+--------+--------+--------+-----+--------+
         Total |   1730 |   1696 |     34 |      0 |      0 |   8 |  216.2 |
       Dungeon |   1249 |   1215 |     34 |      0 |      0 |   6 |  208.2 |
        Temple |      7 |      7 |      0 |      0 |      0 |   1 |    7.0 |
         Sewer |    473 |    473 |      0 |      0 |      0 |   1 |  473.0 |
               +--------+--------+--------+--------+--------+-----+--------+

Top non-repeatable levels by time:
   Sewer: 473 daAuts
     D:4: 343 daAuts
     D:5: 288 daAuts
     D:2: 194 daAuts
     D:3: 183 daAuts
     D:1: 158 daAuts
     D:6: 81 daAuts
  Temple: 7 daAuts
